 Dungeon Crawl Stone Soup version 0.19-a0-160-gd53b84c (webtiles) character file.

291 Mysteryquy the Shield-Bearer (level 6, -22/56 HPs)
             Began as a Minotaur Fighter on May 21, 2016.
             Was a Believer of Makhleb.
             Killed from afar by a gnoll shaman (35 damage)
             ... with an exploding inner flame
             ... hexed by the player character
             ... on level 3 of the Dungeon.
             The game lasted 00:06:07 (1574 turns).

Mysteryquy the Shield-Bearer (Minotaur Fighter)     Turns: 1574, Time: 00:06:09

Health: -22/56     AC:  8    Str: 23    XL:     6   Next: 10%
Magic:  5/5        EV:  8    Int:  5    God:    Makhleb [**....]
Gold:   107        SH: 10    Dex:  9    Spells: 0 memorised, 5 levels left

rFire  . . .     SeeInvis .     a - +1 war axe
rCold  . . .     Gourm    .     b - +0 scale mail
rNeg   . . .     Faith    .     c - +0 shield
rPois  .         Spirit   .     (helmet restricted)
rElec  .         Dismiss  .     A - +0 cloak (curse)
rCorr  .         Reflect  .     (no gloves)
SustAt .         Harm     .     (no boots)
MR     .....                    (no amulet)
Stlth  ..........               (no ring)
                                (no ring)

@: not resistant to hostile enchantments, extremely unstealthy
A: retaliatory headbutt, horns 2
a: Minor Destruction, Renounce Religion


You were on level 3 of the Dungeon.
You worshipped Makhleb.
Makhleb was pleased with you.
You were hungry.

You visited 1 branch of the dungeon, and saw 3 of its levels.

You collected 107 gold pieces.

Inventory:

Hand Weapons
 a - a +1 war axe (weapon)
Armour
 b - a +0 scale mail (worn)
 c - a +0 shield (worn)
 A - a cursed +0 cloak (worn)
Jewellery
 n - an uncursed ring of protection from fire {unknown}
 r - a cursed ring of loudness {unknown}
 y - an uncursed amulet of harm {unknown}
Wands
 q - a wand of confusion (21/48)
 s - a wand of polymorph (14/24)
 w - a wand of flame (40/48)
Scrolls
 e - a scroll of enchant weapon
 g - 2 scrolls of identify
 i - a scroll of fog {unknown}
 j - 3 scrolls of fear
 p - a scroll of remove curse {unknown}
 t - 2 scrolls of teleportation {unknown}
 v - a scroll of amnesia {unknown}
 x - a scroll of blinking {unknown}
Potions
 d - a potion of might
 k - a potion of heal wounds {unknown}
 l - a potion of haste {unknown}
 C - a potion of degeneration {unknown}
Comestibles
 f - 3 bread rations
 h - a royal jelly
 u - a meat ration
 z - a beef jerky


   Skills:
 + Level 5.1 Fighting
 + Level 3.7 Axes
 + Level 4.6 Armour
 + Level 2.5 Dodging
 + Level 5.2 Shields


You had 5 spell levels left.
You didn't know any spells.

Dungeon Overview and Level Annotations

Branches:
Dungeon (3/15)

Altars:
Makhleb
Trog


Innate Abilities, Weirdness & Mutations

You reflexively headbutt those who attack you in melee.
You have a pair of horns on your head.


Message History

Identify which item? (\ to view known items) (? for menu, Esc to quit)
j - 3 scrolls of fear You block the gnoll shaman's attack.
You block the gnoll's attack.
Read which item? (? for menu, Esc to quit)
As you read the scroll labeled DEAPHE TECITZ, it crumbles to dust.
The creatures around you are filled with an inner flame!
It was a scroll of immolation.
The gnoll closely misses you.
The gnoll shaman hits you but does no damage.
Read which item? (? for menu, Esc to quit)
As you read the scroll labeled VIMOAT DYUC, it crumbles to dust.
It is a scroll of recharging.
Charge which item? (? for menu, Esc to quit)
Your wand of flame {zapped: 2} glows for a moment.
You block the gnoll's attack. The gnoll barely misses you.
The gnoll shaman misses you. You furiously retaliate!
You headbutt the gnoll shaman!
The gnoll shaman explodes!
The fiery explosion engulfs you!
Ouch! That really hurt!
You die...

...≈≈###+# ...≈≈≈.# ####
...≈≈≈.# g... ...≈≈≈.# g....
...≈≈≈.# ..... P..≈≈≈.# ....
...≈≈≈.# ##g'## ...≈≈≈.#
#######ggg.# ...≈≈≈.#
+@§ggggOg..+ ...≈≈###+#
#######gg..#
..P≈≈#...#############''''#####
...≈≈#.gg#...........(.........
...≈≈#####≈≈≈≈≈≈≈≈≈≈≈≈....≈≈≈≈≈
...≈≈≈≈≈≈≈≈≈≈≈≈≈≈≈≈≈≈≈....≈≈≈≈≈
...≈≈≈≈≈≈≈≈≈≈≈≈≈≈≈≈≈≈≈....≈≈≈≈≈
..................(............
##########>)...........†)......


You could see an ogre (inner flame) and 9 gnolls.

Vanquished Creatures
  2 gnoll shamans (D:3)
  Crazy Yiuf (D:2)
  Ijyb (D:2)
  Terence (D:2)
  5 gnolls (D:3)
  4 adders
  An adder skeleton (D:3)
  A dart slug (D:2)
  A giant gecko (D:2)
  5 giant cockroaches
  3 goblins (D:2)
  4 hobgoblins
  22 jackals
  8 bats
  3 giant newts
  2 kobolds
  3 rats
  A plant (D:3)
68 creatures vanquished.

Notes
Turn   | Place    | Note
--------------------------------------------------------------
     0 | D:1      | Mysteryquy the Minotaur Fighter began the quest for the Orb.
     0 | D:1      | Reached XP level 1. HP: 19/19 MP: 0/0
   441 | D:2      | Noticed Ijyb
   461 | D:2      | Killed Ijyb
   461 | D:2      | Reached XP level 2. HP: 23/28 MP: 1/1
   461 | D:2      | Reached XP level 3. HP: 29/34 MP: 2/2
   479 | D:2      | Found a burning altar of Makhleb.
   540 | D:2      | Became a worshipper of Makhleb the Destroyer
   652 | D:2      | Noticed Terence
   672 | D:2      | Killed Terence
   672 | D:2      | Reached XP level 4. HP: 23/41 MP: 3/3
   855 | D:2      | Found a bloodstained altar of Trog.
   895 | D:2      | Reached * piety under Makhleb
   895 | D:2      | Reached skill level 1 in Dodging
  1025 | D:2      | Noticed Crazy Yiuf
  1030 | D:2      | Killed Crazy Yiuf
  1030 | D:2      | Reached XP level 5. HP: 25/47 MP: 4/4
  1364 | D:3      | Reached ** piety under Makhleb
  1533 | D:3      | Reached skill level 5 in Fighting
  1533 | D:3      | Reached skill level 5 in Shields
  1544 | D:3      | Reached XP level 6. HP: 32/56 MP: 5/5
  1574 | D:3      | Killed from afar by a gnoll shaman

Vault maps used:
D:1:      lightli_iron_boxes
D:2:      lemuel_doored_altar, first_bread, trog_book, uniq_crazy_yiuf_cottage,
          uniq_iyjb, uniq_terence
D:3:      lemuel_castle_with_subvaults, minmay_misc_feat_ornament, uniq_jessica

Skill      XL: |  1  2  3  4  5 |
---------------+----------------+-----
Fighting       | 4 5 |  5.1
Armour         | 4 |  4.6
Shields        | 4 5 |  5.2
Dodging        | 2 |  2.5
Axes           | 3 |  3.7

Action                   |  1- 3 |  4- 6 || total
-------------------------+-------+-------++-------
Melee: War axe           |    66 |   130 ||   196
       Headbutt          |     7 |    25 ||    32
  Use: Scroll            |       |     4 ||     4
  Eat: Chunk             |       |     2 ||     2
Armor: Scale mail        |    34 |    64 ||    98
Dodge: Dodged            |    27 |    59 ||    86
Block: Shield            |    42 |    92 ||   134
